Flames vs Bruins
Created - March 6, 2019 at 22:46
Goals
|
| Flames |
2 |
2 |
0 |
4 |
| Bruins |
0 |
0 |
2 |
2 |
|
Shots
|
| Flames |
5 |
21 |
7 |
33 |
| Bruins |
6 |
9 |
7 |
22 |
|
1st period
1. Flames , Colin Wilson 12 (Brendan Mikkelson 3) at 9:43
2. Flames , Alexander Semin 23 (David Backes 52, Eric Staal 51) at 15:33
Penalties :
No Penalty
2nd period
3. Flames , Jordin Tootoo 12 (Derek Meech 13, Steve Eminger 11) at 8:20
4. Flames , David Backes 33 (Alexander Semin 25, Tom Poti 17) at 12:05
Penalties :
Nathan Horton (Bos) for Fighting (Major) at 16:03, Derek Meech (Cal) for Fighting (Major) at 16:03, Nathan Horton (Bos) for instigated a fight (Minor) at 16:03, Nathan Horton (Bos) for instigated and being the aggresor in a fight (20 Minutes Game Misconduct) at 16:03
3rd period
5. Bruins , Henrik Sedin 25 (Pierre-Marc Bouchard 17) at 3:09 (PP)
6. Bruins , Nikolai Zherdev 6 (Torey Krug 18) at 13:49
Penalties :
Alexander Semin (Cal) for Tripping (Minor) at 3:03, Shane O'Brien (Bos) for Roughing (Minor) at 9:06, Eric Staal (Cal) for Roughing (Minor) at 16:07
Goalie Stats
Pekka Rinne (Cal), 20 saves from 22 shots - (0.909), W, 14-19-2, 60:00 minutes
Kevin Poulin (Bos), 29 saves from 33 shots - (0.879), L, 20-26-3, 60:00 minutes
Players Stats for Flames
Player Name G A P +/- PIM S H SB GA TA FO MP PP MP PK MP
------------------------------------------------------------------------------------
Alexander Semin 1 1 2 2 2 6 4 1 0 0 1/3 21:01 2:04 0:19
Brad Marchand 0 0 0 0 0 2 0 0 0 0 0/0 16:19 0:08 0:39
Brendan Mikkelson 0 1 1 1 0 0 0 0 0 1 0/0 14:20 0:47 0:00
Colin Wilson 1 0 1 1 0 2 1 1 0 0 3/5 11:53 0:08 0:15
David Backes 1 1 2 2 0 7 2 0 1 0 0/0 20:47 2:04 0:00
David Ullstrom 0 0 0 0 0 0 1 0 0 0 0/0 9:07 0:00 1:07
Derek Meech 0 1 1 1 5 2 0 0 0 2 0/0 21:38 0:59 1:21
Eric Staal 0 1 1 2 2 5 1 0 1 0 12/26 20:57 2:04 0:00
Erik Johnson 0 0 0 1 0 2 1 2 0 2 0/0 23:14 1:58 0:44
Jonathan Ferland 0 0 0 0 0 0 0 0 0 0 1/2 9:09 0:08 0:49
Jordin Tootoo 1 0 1 1 0 2 0 0 1 0 0/0 13:23 1:46 0:00
Mikhail Grabovski 0 0 0 0 0 0 3 0 0 0 0/3 9:13 0:00 1:01
Patrik Berglund 0 0 0 0 0 1 2 0 0 0 5/11 17:11 1:46 0:00
Peter Prucha 0 0 0 0 0 0 3 0 0 1 0/0 15:30 0:00 0:00
Sami Vatanen 0 0 0 1 0 0 2 1 0 1 0/0 14:55 2:00 0:00
Steve Eminger 0 1 1 1 0 2 2 0 1 1 0/0 22:11 0:00 1:21
Steve Regier 0 0 0 1 0 1 0 0 2 1 0/0 13:23 1:46 0:00
Tom Poti 0 1 1 1 0 1 3 0 0 0 0/0 23:41 2:12 0:44
Players Stats for Bruins
Player Name G A P +/- PIM S H SB GA TA FO MP PP MP PK MP
------------------------------------------------------------------------------------
Andrew Alberts 0 0 0 -3 0 1 1 1 1 0 0/0 26:56 0:00 2:16
Dave Bolland 0 0 0 -1 0 2 2 1 0 1 3/4 17:07 0:40 1:26
Dylan DeMelo 0 0 0 -1 0 0 0 0 0 0 0/0 10:01 0:00 0:00
Henrik Sedin 1 0 1 -2 0 1 3 0 2 0 13/24 25:05 1:19 1:53
Jason Demers 0 0 0 -1 0 0 2 2 1 0 0/0 30:19 0:41 2:04
Kevin Bieksa 0 0 0 0 0 0 0 0 0 0 0/0 9:52 1:24 0:48
Kris Chucko 0 0 0 0 0 0 1 0 0 0 0/0 9:16 0:14 1:06
Michael Joly 0 0 0 1 0 0 0 0 0 0 0/0 3:11 0:35 0:00
Nathan Horton 0 0 0 -1 27 0 0 0 0 1 0/0 11:42 0:00 0:00
Nikolai Zherdev 1 0 1 0 0 2 1 0 0 0 0/0 7:36 0:00 0:00
Pierre-Marc Bouchard 0 1 1 -1 0 3 1 0 2 1 8/16 19:35 1:04 0:06
Rene Bourque 0 0 0 -1 0 0 2 0 2 0 2/2 15:26 0:00 1:23
Shane O'Brien 0 0 0 1 2 1 3 0 0 1 0/0 21:14 0:41 0:54
T.J Galiardi 0 0 0 -1 0 2 4 1 0 0 1/1 18:25 1:19 0:00
Torey Krug 0 1 1 -2 0 1 3 0 0 0 0/0 21:45 1:24 1:54
Victor Oreskovich 0 0 0 -1 0 2 3 1 0 1 1/1 17:22 0:32 0:00
Viktor Stalberg 0 0 0 -1 0 4 2 0 1 1 0/1 12:22 0:32 0:04
Wojtek Wolski 0 0 0 -1 0 3 2 2 0 0 0/1 18:46 0:00 1:58
3 Stars
1 - David Backes (Cal)
2 - Alexander Semin (Cal)
3 - Colin Wilson (Cal)
Power Play
Flames - 0 on 2 Attempt(s) - 0.00%
Bruins - 1 on 2 Attempt(s) - 50.00%
Penalty Kill
Flames - 1 on 2 Attempt(s) - 50.00%
- Score 0 goal in Penalty Kill
Bruins - 2 on 2 Attempt(s) - 100.00%
- Score 0 goal in Penalty Kill
Team Stat
Flames - Hits : 25 - Faceoff Wins : 22 - Blocked Shots : 5 - Penalty Minutes : 9
Bruins - Hits : 30 - Faceoff Wins : 28 - Blocked Shots : 8 - Penalty Minutes : 29
Official
Referees : Unknown
Linesman : Unknown
Game Notes
Nathan Horton beats up Derek Meech at 16:03 of 2nd period
Nathan Horton ejected from game at 16:03 of 2nd period
Finance
Level 1 -- Attendance: 4381 (73.02%) -- Ticket Income $455,624
Level 2 -- Attendance: 3662 (73.24%) -- Ticket Income $234,368
Level 3 -- Attendance: 1827 (91.35%) -- Ticket Income $62,118
Level 4 -- Attendance: 3823 (95.58%) -- Ticket Income $91,752
Luxury Box -- Attendance: 759 (75.90%) -- Ticket Income $147,246
Game was played at the TD Banknorth Garden.
Total Attendance: 14452 (80.29%)
Total Ticket Income: $991,108
Other Income: $148,666
Total Income: $1,139,774
Flames
5 vs 5 Forward
Center Left Wing Right Wing Time % Phy DF OF
1 Eric Staal Alexander Semin David Backes 40 1 2 2
2 Patrik Berglund Brad Marchand Peter Prucha 33 1 2 2
3 Colin Wilson Steve Regier Jordin Tootoo 19 1 2 2
4 Mikhail Grabovski David Ullstrom Jonathan Ferland 8 1 2 2
5 vs 5 Defense
Defense Defense Time % Phy DF OF
1 Erik Johnson Tom Poti 38 1 2 2
2 Derek Meech Steve Eminger 29 1 2 2
3 Brendan Mikkelson Sami Vatanen 23 1 2 2
4 Derek Meech Steve Eminger 10 1 2 2
PowerPlay Forward
Center Left Wing Right Wing Time % Phy DF OF
1 Eric Staal Alexander Semin David Backes 60 1 0 4
2 Patrik Berglund Steve Regier Jordin Tootoo 40 1 0 4
PowerPlay Defense
Defense Defense Time % Phy DF OF
1 Erik Johnson Tom Poti 60 1 1 3
2 Derek Meech Sami Vatanen 40 1 1 3
Penalty Kill 4 Players Forward
Center Wing Time % Phy DF OF
1 Mikhail Grabovski Brad Marchand 50 1 4 0
2 Eric Staal David Ullstrom 50 1 4 0
Penalty Kill 4 Players Defense
Defense Defense Time % Phy DF OF
1 Derek Meech Steve Eminger 58 1 4 0
2 Erik Johnson Tom Poti 42 1 4 0
Penalty Kill - 3 Players Forward
Forward Time % Phy DF OF
1 Eric Staal 50 1 4 0
2 David Backes 50 1 4 0
Penalty Kill - 3 Players Defense
Defense Defense Time % Phy DF OF
1 Derek Meech Steve Eminger 58 1 4 0
2 Erik Johnson Tom Poti 42 1 4 0
4 vs 4 Forward
Center Wing Time % Phy DF OF
1 Eric Staal David Backes 60 1 2 2
2 Patrik Berglund Alexander Semin 40 1 2 2
4 vs 4 Defense
Defense Defense Time % Phy DF OF
1 Erik Johnson Tom Poti 60 1 2 2
2 Derek Meech Steve Eminger 40 1 2 2
Last Minutes Offensive
Center Left Wing Right Wing Defense Defense
Eric Staal Alexander Semin David Backes Erik Johnson Tom Poti
Last Minutes Defensive
Center Left Wing Right Wing Defense Defense
Eric Staal Alexander Semin David Backes Derek Meech Steve Eminger
Goaltenders
Starting : Pekka Rinne
Backup : Jonas Gustavsson
Extra Forwards
Normal : Brad Marchand, Peter Prucha, Patrik Berglund - PP : Brad Marchand, Colin Wilson - PK : Jonathan Ferland
Extra Defensemen
Normal : Derek Meech, Steve Eminger, Sami Vatanen - PP : Sami Vatanen - PK : Erik Johnson, Brendan Mikkelson
Penalty Shots
Eric Staal, Alexander Semin, David Backes, Steve Regier, Patrik Berglund
Scratches
None
Bruins
5 vs 5 Forward
Center Left Wing Right Wing Time % Phy DF OF
1 Henrik Sedin Wojtek Wolski Victor Oreskovich 45 0 2 3
2 Pierre-Marc Bouchard T.J Galiardi Nathan Horton 33 0 2 3
3 Dave Bolland Viktor Stalberg Rene Bourque 21 1 2 2
4 Henrik Sedin Kris Chucko Nikolai Zherdev 1 1 2 2
5 vs 5 Defense
Defense Defense Time % Phy DF OF
1 Jason Demers Shane O'Brien 40 1 2 2
2 Andrew Alberts Torey Krug 30 1 2 2
3 Jason Demers Andrew Alberts 20 1 2 2
4 Jason Demers Dylan DeMelo 10 1 2 2
PowerPlay Forward
Center Left Wing Right Wing Time % Phy DF OF
1 Henrik Sedin T.J Galiardi Nathan Horton 60 0 2 3
2 Pierre-Marc Bouchard Viktor Stalberg Victor Oreskovich 40 0 2 3
PowerPlay Defense
Defense Defense Time % Phy DF OF
1 Torey Krug Kevin Bieksa 60 0 2 3
2 Shane O'Brien Jason Demers 40 0 2 3
Penalty Kill 4 Players Forward
Center Wing Time % Phy DF OF
1 Henrik Sedin Wojtek Wolski 60 0 3 2
2 Dave Bolland Nathan Horton 40 0 3 2
Penalty Kill 4 Players Defense
Defense Defense Time % Phy DF OF
1 Jason Demers Andrew Alberts 60 0 3 2
2 Shane O'Brien Torey Krug 40 0 3 2
Penalty Kill - 3 Players Forward
Forward Time % Phy DF OF
1 Wojtek Wolski 60 0 4 1
2 Nathan Horton 40 0 4 1
Penalty Kill - 3 Players Defense
Defense Defense Time % Phy DF OF
1 Jason Demers Andrew Alberts 60 0 5 0
2 Shane O'Brien Torey Krug 40 0 5 0
4 vs 4 Forward
Center Wing Time % Phy DF OF
1 Henrik Sedin Dave Bolland 60 1 2 2
2 Nathan Horton Victor Oreskovich 40 1 2 2
4 vs 4 Defense
Defense Defense Time % Phy DF OF
1 Jason Demers Shane O'Brien 60 1 2 2
2 Shane O'Brien Torey Krug 40 1 2 2
Last Minutes Offensive
Center Left Wing Right Wing Defense Defense
Henrik Sedin Viktor Stalberg Nathan Horton Jason Demers Torey Krug
Last Minutes Defensive
Center Left Wing Right Wing Defense Defense
Henrik Sedin Viktor Stalberg Nathan Horton Jason Demers Shane O'Brien
Goaltenders
Starting : Kevin Poulin
Backup : Craig Anderson
Extra Forwards
Normal : Pierre-Marc Bouchard, Dave Bolland, Rene Bourque - PP : Pierre-Marc Bouchard, Dave Bolland - PK : Rene Bourque
Extra Defensemen
Normal : Torey Krug, Andrew Alberts, Jason Demers - PP : Kevin Bieksa - PK : Torey Krug, Shane O'Brien
Penalty Shots
Viktor Stalberg, Henrik Sedin, Nathan Horton, Victor Oreskovich, Pierre-Marc Bouchard
Scratches
Brendan Smith (Bruised Right Arm Injury), Freddie Hamilton (Healthy)
% Time on Ice - Flames
Lines # - Real PCT - Wanted PCT - Time Play
Normal Forward
1 - 35% - 40% - 19:06
2 - 28% - 33% - 15:21
3 - 21% - 19% - 11:30
4 - 15% - 8% - 8:00
Normal Defense
1 - 38% - 38% - 20:18
2 - 28% - 29% - 15:20
3 - 25% - 23% - 13:21
4 - 9% - 10% - 4:58
PP Forward
1 - 55% - 60% - 2:12
2 - 45% - 40% - 1:46
PP Defense
1 - 49% - 60% - 1:57
2 - 51% - 40% - 2:01
PK Forward
1 - 31% - 50% - 0:39
2 - 69% - 50% - 1:26
PK Defense
1 - 65% - 58% - 1:21
2 - 35% - 42% - 0:44
PK3 Forward
1 - 0% - 50%
2 - 0% - 50%
PK3 Defense
1 - 0% - 58%
2 - 0% - 42%
44 Forward
1 - 0% - 60%
2 - 0% - 40%
44 Defense
1 - 0% - 60%
2 - 0% - 40%
Last Minute Offensive - 0:00
Last Minute Defensive - 0:00
Total
Forward - 60:00
Defense - 60:00
|
% Time on Ice - Bruins
Lines # - Real PCT - Wanted PCT - Time Play
Normal Forward
1 - 32% - 45% - 17:27
2 - 33% - 33% - 17:38
3 - 22% - 21% - 11:43
4 - 13% - 1% - 7:09
Normal Defense
1 - 37% - 40% - 20:03
2 - 31% - 30% - 16:55
3 - 13% - 20% - 7:05
4 - 18% - 10% - 9:54
PP Forward
1 - 74% - 60% - 1:33
2 - 26% - 40% - 0:32
PP Defense
1 - 67% - 60% - 1:24
2 - 33% - 40% - 0:41
PK Forward
1 - 73% - 60% - 2:53
2 - 27% - 40% - 1:05
PK Defense
1 - 52% - 60% - 2:04
2 - 48% - 40% - 1:54
PK3 Forward
1 - 0% - 60%
2 - 0% - 40%
PK3 Defense
1 - 0% - 60%
2 - 0% - 40%
44 Forward
1 - 0% - 60%
2 - 0% - 40%
44 Defense
1 - 0% - 60%
2 - 0% - 40%
Last Minute Offensive - 0:00
Last Minute Defensive - 0:00
Total
Forward - 60:00
Defense - 60:00
|
Play-by-Play
1st period
0:01 of 1st period - Eric Staal wins face-off versus Henrik Sedin in neutral zone.
0:16 of 1st period - Icing by Jason Demers.
0:17 of 1st period - Henrik Sedin wins face-off versus Patrik Berglund in Bruins zone.
0:22 of 1st period - Backhand shot by Victor Oreskovich.
0:22 of 1st period - Stopped by Pekka Rinne without a rebound.
0:23 of 1st period - Pierre-Marc Bouchard wins face-off versus Patrik Berglund in Flames zone.
0:28 of 1st period - Wrist shot by T.J Galiardi.
0:28 of 1st period - Stopped by Pekka Rinne without a rebound.
0:29 of 1st period - Colin Wilson wins face-off versus Pierre-Marc Bouchard in Flames zone.
0:44 of 1st period - Snap shot by T.J Galiardi.
0:44 of 1st period - Shot Misses the Net.
1:42 of 1st period - Snap shot by T.J Galiardi.
1:42 of 1st period - Shot Misses the Net.
3:24 of 1st period - Icing by Brendan Mikkelson.
3:25 of 1st period - Henrik Sedin wins face-off versus Mikhail Grabovski in Flames zone.
4:28 of 1st period - Jordin Tootoo is hit by Victor Oreskovich and loses puck.
4:47 of 1st period - Eric Staal is hit by Shane O'Brien and loses puck.
5:37 of 1st period - Wrist shot by Jordin Tootoo.
5:37 of 1st period - Stopped by Kevin Poulin with a rebound.
6:50 of 1st period - David Ullstrom is hit by Pierre-Marc Bouchard and loses puck.
7:33 of 1st period - Alexander Semin is hit by Rene Bourque and loses puck.
7:54 of 1st period - Torey Krug is hit by Peter Prucha and loses puck.
9:23 of 1st period - Sami Vatanen is hit by Victor Oreskovich and loses puck.
9:43 of 1st period - Slapshot by Colin Wilson.
9:43 of 1st period - Goal by Colin Wilson - Flames : 1 - Bruins : 0.
9:44 of 1st period - Eric Staal wins face-off versus Pierre-Marc Bouchard in neutral zone.
9:55 of 1st period - Snap shot by Pierre-Marc Bouchard.
9:55 of 1st period - Stopped by Pekka Rinne with a rebound.
10:18 of 1st period - Andrew Alberts is hit by Tom Poti and loses puck.
12:05 of 1st period - Snap shot by Pierre-Marc Bouchard.
12:05 of 1st period - Stopped by Pekka Rinne with a rebound.
12:17 of 1st period - Snap shot by Viktor Stalberg.
12:17 of 1st period - Stopped by Pekka Rinne with a rebound.
12:23 of 1st period - Dave Bolland is hit by Alexander Semin and loses puck.
12:45 of 1st period - Victor Oreskovich is hit by Patrik Berglund and loses puck.
12:51 of 1st period - Icing by Shane O'Brien.
12:52 of 1st period - Victor Oreskovich wins face-off versus Patrik Berglund in Bruins zone.
13:48 of 1st period - Erik Johnson is hit by Viktor Stalberg and loses puck.
14:17 of 1st period - Erik Johnson is hit by T.J Galiardi and loses puck.
15:23 of 1st period - Icing by Pierre-Marc Bouchard.
15:24 of 1st period - Pierre-Marc Bouchard wins face-off versus Eric Staal in Bruins zone.
15:33 of 1st period - Snap shot by Alexander Semin.
15:33 of 1st period - Goal by Alexander Semin - Flames : 2 - Bruins : 0.
15:34 of 1st period - Eric Staal wins face-off versus Henrik Sedin in neutral zone.
15:45 of 1st period - Snap shot by Victor Oreskovich.
15:45 of 1st period - Shot Misses the Net.
15:47 of 1st period - Slapshot by Jason Demers.
15:47 of 1st period - Shot Blocked by Alexander Semin.
15:49 of 1st period - Slapshot by Shane O'Brien.
15:49 of 1st period - Stopped by Pekka Rinne without a rebound.
15:50 of 1st period - Patrik Berglund wins face-off versus Pierre-Marc Bouchard in Flames zone.
16:22 of 1st period - Slapshot by David Backes.
16:22 of 1st period - Stopped by Kevin Poulin without a rebound.
16:23 of 1st period - Eric Staal wins face-off versus Henrik Sedin in Bruins zone.
16:24 of 1st period - Snap shot by Alexander Semin.
16:24 of 1st period - Stopped by Kevin Poulin with a rebound.
17:55 of 1st period - Nikolai Zherdev is hit by Alexander Semin and loses puck.
18:16 of 1st period - Wrist shot by Jordin Tootoo.
18:16 of 1st period - Shot Misses the Net.
18:42 of 1st period - Tom Poti is hit by Henrik Sedin and loses puck.
18:59 of 1st period - Wrist shot by Henrik Sedin.
18:59 of 1st period - Shot Blocked by Colin Wilson.
19:25 of 1st period - Wrist shot by Colin Wilson.
19:25 of 1st period - Shot Misses the Net.
Goals for this period are 2 for Flames vs 0 for Bruins.
Shots for this period are 5 for Flames vs 6 for Bruins.
2nd period
0:01 of 2nd period - Eric Staal wins face-off versus Henrik Sedin in neutral zone.
0:06 of 2nd period - Slapshot by David Backes.
0:06 of 2nd period - Stopped by Kevin Poulin without a rebound.
0:07 of 2nd period - Henrik Sedin wins face-off versus Eric Staal in Bruins zone.
0:34 of 2nd period - Wrist shot by Peter Prucha.
0:34 of 2nd period - Deflect By Brad Marchand.
0:34 of 2nd period - Stopped by Kevin Poulin without a rebound.
0:35 of 2nd period - Patrik Berglund wins face-off versus Pierre-Marc Bouchard in Bruins zone.
1:05 of 2nd period - Shane O'Brien is hit by Peter Prucha and loses puck.
1:24 of 2nd period - Brad Marchand is hit by Jason Demers and loses puck.
2:56 of 2nd period - Nathan Horton is hit by Steve Eminger.
3:24 of 2nd period - Snap shot by Patrik Berglund.
3:24 of 2nd period - Stopped by Kevin Poulin with a rebound.
3:32 of 2nd period - Snap shot by Patrik Berglund.
3:32 of 2nd period - Shot Blocked by T.J Galiardi.
3:34 of 2nd period - Snap shot by Peter Prucha.
3:34 of 2nd period - Shot Misses the Net.
3:36 of 2nd period - Snap shot by Derek Meech.
3:36 of 2nd period - Stopped by Kevin Poulin with a rebound.
3:38 of 2nd period - Wrist shot by Brad Marchand.
3:38 of 2nd period - Deflect By Patrik Berglund.
3:38 of 2nd period - Shot Misses the Net.
3:38 of 2nd period - Puck is out of play.
3:39 of 2nd period - Henrik Sedin wins face-off versus Eric Staal in Bruins zone.
3:51 of 2nd period - Slapshot by Eric Staal.
3:51 of 2nd period - Stopped by Kevin Poulin without a rebound.
3:52 of 2nd period - Eric Staal wins face-off versus Henrik Sedin in Bruins zone.
4:19 of 2nd period - Snap shot by Viktor Stalberg.
4:19 of 2nd period - Deflect By Dave Bolland.
4:19 of 2nd period - Stopped by Pekka Rinne without a rebound.
4:20 of 2nd period - Colin Wilson wins face-off versus Dave Bolland in Flames zone.
4:32 of 2nd period - Off-side.
4:33 of 2nd period - Eric Staal wins face-off versus Henrik Sedin in neutral zone.
4:40 of 2nd period - Slapshot by Eric Staal.
4:40 of 2nd period - Stopped by Kevin Poulin without a rebound.
4:41 of 2nd period - Henrik Sedin wins face-off versus Eric Staal in Bruins zone.
5:00 of 2nd period - Henrik Sedin is hit by David Backes and loses puck.
5:15 of 2nd period - Andrew Alberts is hit by Steve Eminger and loses puck.
5:30 of 2nd period - Snap shot by David Backes.
5:30 of 2nd period - Stopped by Kevin Poulin with a rebound.
5:40 of 2nd period - Slapshot by Eric Staal.
5:40 of 2nd period - Shot Misses the Net.
5:42 of 2nd period - Slapshot by Derek Meech.
5:42 of 2nd period - Deflect By Eric Staal.
5:42 of 2nd period - Stopped by Kevin Poulin with a rebound.
5:44 of 2nd period - Snap shot by Alexander Semin.
5:44 of 2nd period - Stopped by Kevin Poulin without a rebound.
5:45 of 2nd period - Colin Wilson wins face-off versus Viktor Stalberg in Bruins zone.
5:54 of 2nd period - Snap shot by Steve Regier.
5:54 of 2nd period - Stopped by Kevin Poulin without a rebound.
5:55 of 2nd period - Dave Bolland wins face-off versus Colin Wilson in Bruins zone.
6:04 of 2nd period - Backhand shot by Viktor Stalberg.
6:04 of 2nd period - Shot Misses the Net.
6:06 of 2nd period - Slapshot by Shane O'Brien.
6:06 of 2nd period - Shot Blocked by Erik Johnson.
6:08 of 2nd period - Slapshot by Viktor Stalberg.
6:08 of 2nd period - Stopped by Pekka Rinne without a rebound.
6:09 of 2nd period - Rene Bourque wins face-off versus Mikhail Grabovski in Flames zone.
6:14 of 2nd period - Slapshot by Viktor Stalberg.
6:14 of 2nd period - Stopped by Pekka Rinne with a rebound.
6:34 of 2nd period - Viktor Stalberg is hit by Alexander Semin and loses puck.
6:59 of 2nd period - Wrist shot by Patrik Berglund.
6:59 of 2nd period - Shot Blocked by Dave Bolland.
7:01 of 2nd period - Snap shot by Brad Marchand.
7:01 of 2nd period - Stopped by Kevin Poulin without a rebound.
7:02 of 2nd period - Eric Staal wins face-off versus Henrik Sedin in Bruins zone.
7:15 of 2nd period - Alexander Semin is hit by Wojtek Wolski and loses puck.
7:29 of 2nd period - Off-side.
7:30 of 2nd period - Patrik Berglund wins face-off versus Pierre-Marc Bouchard in neutral zone.
7:55 of 2nd period - David Backes is hit by Jason Demers and loses puck.
8:18 of 2nd period - Slapshot by Derek Meech.
8:18 of 2nd period - Shot Misses the Net.
8:20 of 2nd period - Slapshot by Jordin Tootoo.
8:20 of 2nd period - Goal by Jordin Tootoo - Flames : 3 - Bruins : 0.
8:21 of 2nd period - Henrik Sedin wins face-off versus Alexander Semin in neutral zone.
8:30 of 2nd period - Wrist shot by Wojtek Wolski.
8:30 of 2nd period - Stopped by Pekka Rinne without a rebound.
8:31 of 2nd period - Henrik Sedin wins face-off versus Eric Staal in Flames zone.
8:36 of 2nd period - Wrist shot by Victor Oreskovich.
8:36 of 2nd period - Stopped by Pekka Rinne with a rebound.
8:48 of 2nd period - Wrist shot by Eric Staal.
8:48 of 2nd period - Deflect By David Backes.
8:48 of 2nd period - Shot Blocked by Andrew Alberts.
8:48 of 2nd period - Puck is out of play.
8:49 of 2nd period - Pierre-Marc Bouchard wins face-off versus Patrik Berglund in Bruins zone.
8:49 of 2nd period - Pierre-Marc Bouchard is hit by Patrik Berglund.
8:57 of 2nd period - Slapshot by Andrew Alberts.
8:57 of 2nd period - Shot Misses the Net.
9:51 of 2nd period - Torey Krug is hit by Mikhail Grabovski and loses puck.
10:04 of 2nd period - Jordin Tootoo is hit by Torey Krug and loses puck.
10:27 of 2nd period - Icing by Brendan Mikkelson.
10:28 of 2nd period - Eric Staal wins face-off versus Wojtek Wolski in Flames zone.
10:49 of 2nd period - Wrist shot by Alexander Semin.
10:49 of 2nd period - Shot Blocked by Jason Demers.
11:17 of 2nd period - Wrist shot by Alexander Semin.
11:17 of 2nd period - Shot Blocked by Victor Oreskovich.
11:43 of 2nd period - Wrist shot by Eric Staal.
11:43 of 2nd period - Shot Misses the Net.
11:45 of 2nd period - Snap shot by Tom Poti.
11:45 of 2nd period - Stopped by Kevin Poulin with a rebound.
11:47 of 2nd period - Slapshot by Erik Johnson.
11:47 of 2nd period - Stopped by Kevin Poulin with a rebound.
11:49 of 2nd period - Snap shot by Eric Staal.
11:49 of 2nd period - Shot Misses the Net.
11:51 of 2nd period - Slapshot by Erik Johnson.
11:51 of 2nd period - Stopped by Kevin Poulin with a rebound.
11:55 of 2nd period - Wrist shot by David Backes.
11:55 of 2nd period - Stopped by Kevin Poulin with a rebound.
11:57 of 2nd period - Snap shot by Alexander Semin.
11:57 of 2nd period - Stopped by Kevin Poulin with a rebound.
11:59 of 2nd period - Slapshot by Tom Poti.
11:59 of 2nd period - Shot Blocked by Wojtek Wolski.
12:01 of 2nd period - Wrist shot by David Backes.
12:01 of 2nd period - Shot Blocked by Jason Demers.
12:03 of 2nd period - Slapshot by Tom Poti.
12:03 of 2nd period - Shot Blocked by Wojtek Wolski.
12:05 of 2nd period - Wrist shot by Alexander Semin.
12:05 of 2nd period - Deflect By David Backes.
12:05 of 2nd period - Goal by David Backes - Flames : 4 - Bruins : 0.
12:06 of 2nd period - Patrik Berglund wins face-off versus Pierre-Marc Bouchard in neutral zone.
12:21 of 2nd period - Wrist shot by Pierre-Marc Bouchard.
12:21 of 2nd period - Shot Misses the Net.
12:34 of 2nd period - Icing by Torey Krug.
12:35 of 2nd period - Dave Bolland wins face-off versus Colin Wilson in Bruins zone.
13:24 of 2nd period - Dave Bolland is hit by David Ullstrom and loses puck.
13:39 of 2nd period - Derek Meech is hit by Henrik Sedin and loses puck.
13:52 of 2nd period - Snap shot by Eric Staal.
13:52 of 2nd period - Stopped by Kevin Poulin without a rebound.
13:53 of 2nd period - Pierre-Marc Bouchard wins face-off versus Eric Staal in Bruins zone.
14:02 of 2nd period - Snap shot by David Backes.
14:02 of 2nd period - Stopped by Kevin Poulin with a rebound.
14:16 of 2nd period - Tom Poti is hit by Viktor Stalberg and loses puck.
14:23 of 2nd period - Wrist shot by Viktor Stalberg.
14:23 of 2nd period - Stopped by Pekka Rinne with a rebound.
14:25 of 2nd period - Slapshot by Torey Krug.
14:25 of 2nd period - Shot Misses the Net.
14:27 of 2nd period - Wrist shot by Dave Bolland.
14:27 of 2nd period - Stopped by Pekka Rinne with a rebound.
14:29 of 2nd period - Slapshot by Andrew Alberts.
14:29 of 2nd period - Stopped by Pekka Rinne without a rebound.
14:30 of 2nd period - Henrik Sedin wins face-off versus Eric Staal in Flames zone.
14:31 of 2nd period - Snap shot by Wojtek Wolski.
14:31 of 2nd period - Stopped by Pekka Rinne with a rebound.
14:43 of 2nd period - Wrist shot by Alexander Semin.
14:43 of 2nd period - Stopped by Kevin Poulin with a rebound.
15:16 of 2nd period - Torey Krug is hit by Tom Poti and loses puck.
15:37 of 2nd period - Wojtek Wolski is hit by Mikhail Grabovski and loses puck.
16:00 of 2nd period - Icing by Pierre-Marc Bouchard.
16:01 of 2nd period - Pierre-Marc Bouchard wins face-off versus Eric Staal in Bruins zone.
16:03 of 2nd period - Nathan Horton beats up Derek Meech.
16:03 of 2nd period - Penalty to Nathan Horton for Fighting.
16:03 of 2nd period - Penalty to Derek Meech for Fighting.
16:03 of 2nd period - Penalty to Nathan Horton for instigated a fight.
16:03 of 2nd period - Penalty to Nathan Horton for instigated and being the aggresor in a fight.
16:03 of 2nd period - Nathan Horton is ejected from game.
16:04 of 2nd period - Eric Staal wins face-off versus Henrik Sedin in Bruins zone.
18:03 of 2nd period - Penalty to Nathan Horton is over, Michael Joly is send on ice.
18:13 of 2nd period - Erik Johnson is hit by T.J Galiardi and loses puck.
18:25 of 2nd period - T.J Galiardi is hit by Erik Johnson and loses puck.
18:48 of 2nd period - Jordin Tootoo is hit by Rene Bourque and loses puck.
18:58 of 2nd period - Snap shot by Dave Bolland.
18:58 of 2nd period - Shot Misses the Net.
19:21 of 2nd period - Rene Bourque is hit by Eric Staal.
19:37 of 2nd period - Shane O'Brien is hit by Sami Vatanen and loses puck.
Goals for this period are 2 for Flames vs 0 for Bruins.
Shots for this period are 21 for Flames vs 9 for Bruins.
3rd period
0:01 of 3rd period - Henrik Sedin wins face-off versus Eric Staal in neutral zone.
0:14 of 3rd period - Snap shot by Wojtek Wolski.
0:14 of 3rd period - Shot Blocked by Erik Johnson.
0:16 of 3rd period - Snap shot by Wojtek Wolski.
0:16 of 3rd period - Shot Misses the Net.
1:01 of 3rd period - Steve Regier is hit by Dave Bolland and loses puck.
1:18 of 3rd period - Steve Regier is hit by Andrew Alberts and loses puck.
1:31 of 3rd period - Wrist shot by Wojtek Wolski.
1:31 of 3rd period - Stopped by Pekka Rinne with a rebound.
1:41 of 3rd period - Erik Johnson is hit by T.J Galiardi.
1:57 of 3rd period - Slapshot by Jonathan Ferland.
1:57 of 3rd period - Shot Misses the Net.
2:25 of 3rd period - Snap shot by Eric Staal.
2:25 of 3rd period - Stopped by Kevin Poulin without a rebound.
2:26 of 3rd period - Dave Bolland wins face-off versus Patrik Berglund in Bruins zone.
2:41 of 3rd period - Slapshot by Steve Eminger.
2:41 of 3rd period - Stopped by Kevin Poulin without a rebound.
2:42 of 3rd period - Alexander Semin wins face-off versus Pierre-Marc Bouchard in Bruins zone.
2:57 of 3rd period - Snap shot by Pierre-Marc Bouchard.
2:57 of 3rd period - Deflect By T.J Galiardi.
2:57 of 3rd period - Stopped by Pekka Rinne with a rebound.
3:03 of 3rd period - Minor Penalty to Alexander Semin for Tripping.
3:04 of 3rd period - Henrik Sedin wins face-off versus Mikhail Grabovski in Flames zone.
3:09 of 3rd period - Slapshot by Henrik Sedin.
3:09 of 3rd period - Goal by Henrik Sedin - Flames : 4 - Bruins : 1.
3:10 of 3rd period - Eric Staal wins face-off versus Henrik Sedin in neutral zone.
3:13 of 3rd period - Backhand shot by David Backes.
3:13 of 3rd period - Stopped by Kevin Poulin without a rebound.
3:14 of 3rd period - Henrik Sedin wins face-off versus Eric Staal in Bruins zone.
3:23 of 3rd period - Eric Staal is hit by Wojtek Wolski and loses puck.
3:31 of 3rd period - Derek Meech is hit by Shane O'Brien.
3:56 of 3rd period - Off-side.
3:57 of 3rd period - Pierre-Marc Bouchard wins face-off versus Patrik Berglund in neutral zone.
4:02 of 3rd period - Snap shot by T.J Galiardi.
4:02 of 3rd period - Shot Misses the Net.
4:51 of 3rd period - Snap shot by Henrik Sedin.
4:51 of 3rd period - Shot Blocked by Sami Vatanen.
4:53 of 3rd period - Slapshot by Torey Krug.
4:53 of 3rd period - Deflect By Brendan Mikkelson.
4:53 of 3rd period - Stopped by Pekka Rinne without a rebound.
4:54 of 3rd period - Patrik Berglund wins face-off versus Pierre-Marc Bouchard in Flames zone.
5:42 of 3rd period - Steve Eminger is hit by Nikolai Zherdev and loses puck.
6:49 of 3rd period - Snap shot by Nikolai Zherdev.
6:49 of 3rd period - Stopped by Pekka Rinne with a rebound.
7:26 of 3rd period - Mikhail Grabovski is hit by Dave Bolland and loses puck.
8:00 of 3rd period - Slapshot by Derek Meech.
8:00 of 3rd period - Stopped by Kevin Poulin without a rebound.
8:01 of 3rd period - Pierre-Marc Bouchard wins face-off versus Eric Staal in Bruins zone.
8:08 of 3rd period - David Backes is hit by Victor Oreskovich and loses puck.
8:23 of 3rd period - Kevin Bieksa is hit by Peter Prucha and loses puck.
9:04 of 3rd period - Backhand shot by Steve Eminger.
9:04 of 3rd period - Stopped by Kevin Poulin with a rebound.
9:06 of 3rd period - Minor Penalty to Shane O'Brien for Roughing.
9:07 of 3rd period - Henrik Sedin wins face-off versus Eric Staal in Bruins zone.
10:33 of 3rd period - Rene Bourque is hit by Sami Vatanen and loses puck.
11:03 of 3rd period - 10 Minutes Misconduct Penalty to Nathan Horton is over.
11:06 of 3rd period - Penalty to Shane O'Brien is over, Shane O'Brien is back on ice.
11:06 of 3rd period - Steve Regier is hit by Kris Chucko and loses puck.
11:25 of 3rd period - Slapshot by Mikhail Grabovski.
11:25 of 3rd period - Shot Misses the Net.
11:29 of 3rd period - Wrist shot by Jonathan Ferland.
11:29 of 3rd period - Shot Misses the Net.
11:39 of 3rd period - Brendan Mikkelson is hit by Henrik Sedin and loses puck.
13:25 of 3rd period - Jason Demers is hit by Mikhail Grabovski and loses puck.
13:38 of 3rd period - Colin Wilson is hit by Torey Krug and loses puck.
13:49 of 3rd period - Snap shot by Nikolai Zherdev.
13:49 of 3rd period - Goal by Nikolai Zherdev - Flames : 4 - Bruins : 2.
13:50 of 3rd period - Eric Staal wins face-off versus Henrik Sedin in neutral zone.
14:17 of 3rd period - Victor Oreskovich is hit by Tom Poti and loses puck.
14:30 of 3rd period - Snap shot by Wojtek Wolski.
14:30 of 3rd period - Deflect By Victor Oreskovich.
14:30 of 3rd period - Shot Misses the Net.
14:30 of 3rd period - Puck is out of play.
14:31 of 3rd period - T.J Galiardi wins face-off versus Alexander Semin in Flames zone.
14:34 of 3rd period - Wrist shot by T.J Galiardi.
14:34 of 3rd period - Shot Misses the Net.
14:56 of 3rd period - Patrik Berglund is hit by Shane O'Brien and loses puck.
15:21 of 3rd period - Wrist shot by Colin Wilson.
15:21 of 3rd period - Stopped by Kevin Poulin without a rebound.
15:22 of 3rd period - Pierre-Marc Bouchard wins face-off versus Eric Staal in Bruins zone.
15:22 of 3rd period - Pierre-Marc Bouchard is hit by David Backes.
15:43 of 3rd period - Off-side.
15:44 of 3rd period - Rene Bourque wins face-off versus Eric Staal in neutral zone.
16:07 of 3rd period - Minor Penalty to Eric Staal for Roughing.
16:08 of 3rd period - Henrik Sedin wins face-off versus Jonathan Ferland in Flames zone.
16:11 of 3rd period - Snap shot by Pierre-Marc Bouchard.
16:11 of 3rd period - Stopped by Pekka Rinne without a rebound.
16:12 of 3rd period - Jonathan Ferland wins face-off versus Henrik Sedin in Flames zone.
16:46 of 3rd period - Brad Marchand is hit by Torey Krug and loses puck.
17:09 of 3rd period - Erik Johnson is hit by T.J Galiardi and loses puck.
17:20 of 3rd period - Victor Oreskovich is hit by Alexander Semin and loses puck.
17:55 of 3rd period - Torey Krug is hit by Colin Wilson and loses puck.
18:07 of 3rd period - Penalty to Eric Staal is over, Eric Staal is back on ice.
19:03 of 3rd period - Snap shot by David Backes.
19:03 of 3rd period - Shot Misses the Net.
19:05 of 3rd period - Slapshot by Alexander Semin.
19:05 of 3rd period - Stopped by Kevin Poulin with a rebound.
Goals for this period are 0 for Flames vs 2 for Bruins.
Shots for this period are 7 for Flames vs 7 for Bruins.
Back to the Top